 Dungeon Crawl Stone Soup version 0.23.2-33-g5129a83184 (webtiles) character file.

Game seed: 3144572548098312784

41 Folque the Digger (level 3, -2/29 HPs)
             Began as a Draconian Earth Elementalist on July 1, 2019.
             Slain by a wight
             ... wielding a +2 great sword
              (16 damage)
             ... on level 2 of the Dungeon.
             The game lasted 00:04:01 (1123 turns).

Folque the Digger (Draconian Earth Elementalist)    Turns: 1123, Time: 00:04:01

Health: -2/29      AC:  6    Str: 10    XL:     3   Next: 32%
Magic:  2/6        EV: 12    Int: 16    God:
Gold:   91         SH:  0    Dex: 11    Spells: 0/6 levels left

rFire    . . .     SeeInvis .   p - +0 dagger (venom)
rCold    . . .     Gourm    .   (no shield)
rNeg     . . .     Faith    .   (armour unavailable)
rPois    .         Spirit   .   (helmet restricted)
rElec    .         Reflect  .   d - +0 cloak
rCorr    .         Harm     .   (no gloves)
MR       .....                  (no boots)
Stlth    ++........             (no amulet)
HPRegen  0.09/turn              (no ring)
MPRegen  0.10/turn              (no ring)

@: very slightly contaminated, lightly drained
A: unfitting armour, cold-blooded, AC +5
a: no special abilities


You were on level 2 of the Dungeon.
You were very hungry.

You visited 1 branch of the dungeon, and saw 2 of its levels.

You collected 91 gold pieces.

Inventory:

Hand Weapons
 g - a +0 mace
 m - a +0 dagger
 p - a +0 dagger of venom (weapon)
Missiles
 b - 53 stones (quivered)
 l - 16 poisoned needles
 n - 3 curare-tipped needles
Armour
 d - a +0 cloak (worn)
Wands
 q - a wand of acid (13)
Scrolls
 a - a scroll of fog {unknown}
 e - 2 scrolls of amnesia {unknown}
 h - a scroll of enchant armour {unknown}
 j - 2 scrolls of identify {unknown}
 o - a scroll of magic mapping {unknown}
Potions
 f - a potion of mutation {unknown}
 i - a potion of heal wounds {unknown}
Comestibles
 c - 3 rations
 k - 7 chunks of flesh


   Skills:
 - Level 2.1(1.9) Fighting
 - Level 1.7(1.5) Dodging
 - Level 1.7(1.5) Stealth
 * Level 2.4(2.2) Spellcasting
 + Level 0.0 Conjurations
 - Level 1.0(0.7) Transmutations
 + Level 3.4(3.1) Earth Magic


You couldn't memorise any spells.
You knew the following spells:

 Your Spells              Type           Power        Failure   Level  Hunger
a - Sandblast             Erth           ##....       5%          1    #......
b - Passwall              Tmut/Erth      #.......     14%         2    ###....
c - Stone Arrow           Conj/Erth      #.....       32%         3    ###....

Your spell library contained the following spells:

 Spells                   Type           Power        Failure   Level  Hunger
 Petrify                  Tmut/Erth      #.......     65%         4    #####..
 Lee's Rapid Deconstruct  Erth           ##........   83%         5    ######.


Dungeon Overview and Level Annotations

Branches:
Dungeon (2/15)

Altars:


Innate Abilities, Weirdness & Mutations

Your plain brown scales are hard. (AC +5)
You cannot fit into any form of body armour.
You are cold-blooded and may be slowed by cold attacks.


Message History

The bullfrog hits you but does no damage.
The bullfrog hits you.
Casting: Passwall (safe; 14% risk of failure)
Confirm with . or Enter, or press ? or * to list all spells.
Aiming: Stone Arrow (safe; 32% risk of failure)
Press: ? - help, Shift-Dir - straight line, f - adder
Aim: an adder You miscast Stone Arrow.
You are very lightly contaminated with residual magic.
You smell something strange.
The bullfrog hits you.
The bullfrog hits you but does no damage.
The bullfrog hits you but does no damage.
The bullfrog misses you.
The bullfrog hits you but does no damage.
Really walk into that dispersal trap?
You enter a dispersal trap!
The bullfrog blinks!
The adder blinks!
The bullfrog blinks!
The wight blinks!
The bullfrog blinks!
You blink.
The wight hits you with a +2 great sword!
Ouch! That really hurt!
You die...

###### ###.####.#S##.##...
##....##### #....z...#.).......
#...#.....# #§####.#####...z...
##....###.#####.####.# ##.##z##
......# #......§..##.# ###z..#
.#.##.# ###.###..§##.# #...#
.#.##.# #.###...##.# #.z.#
.#.##.#####.#...S.§..# #...#
.#.##.#.........@z..## #...#
.#.............#F...#########...#
.........###.§.......##..........
##.......# #...#.#........z......
#.......###...#.##..##..........
#......))...........######......
###.##.<.......§###.# #.#...#
#.##############..# #...... #.#
#.## #.#....


You could see a bullfrog, a wight and an adder.

Vanquished Creatures
  A worm (D:2)
  2 dart slugs (D:1)
  5 bats
  3 giant cockroaches
  3 goblins
  4 hobgoblins
  3 frilled lizards
  5 kobolds
  4 rats
30 creatures vanquished.

Notes
Turn   | Place    | Note
-------+----------+-------------------------------------------
     0 | D:1      | Folque the Draconian Earth Elementalist began the quest for
                  | the Orb.
     0 | D:1      | Reached XP level 1. HP: 14/14 MP: 3/3
    90 | D:1      | Reached skill level 1 in Fighting
    97 | D:1      | Reached XP level 2. HP: 14/23 MP: 3/5
   821 | D:2      | Reached XP level 3. HP: 29/29 MP: 2/6
  1026 | D:2      | Learned a level 2 spell: Passwall
  1031 | D:2      | Learned a level 3 spell: Stone Arrow
  1073 | D:2      | Noticed a bullfrog
  1123 | D:2      | Slain by a wight

Skill      XL: |  1  2 |
---------------+-------+-----
Fighting       | 1 2 |  2.1
Dodging        | |  1.7
Stealth        | |  1.7
Spellcasting   | |  2.4
Transmutations | |  1.0
Earth Magic    | |  3.4

Action                   || total
-------------------------++-------
Melee: Mace              ||    51
       Tailslap          ||     6
       Dagger            ||    23
 Cast: Sandblast         ||    13
       Stone Arrow       ||     2
Armor: Skin              ||    44
Dodge: Dodged            ||    77
